 Dungeon Crawl Stone Soup version 0.32-a0-42-ga30500b4d3 (webtiles) character file.

Game seed: 1319452351828577512

8 iamserjio the Gusty (level 2, -1/15 HPs)
             Began as a Tengu Air Elementalist on Feb 3, 2024.
             Slain by Terence
             ... wielding a +0 hand axe
              (2 damage)
             ... on level 2 of the Dungeon.
             The game lasted 00:01:04 (148 turns).

iamserjio the Gusty (Tengu Air Elementalist)         Turns: 148, Time: 00:01:05

Health: -1/15      AC:  2    Str:  8    XL:     2   Next: 8%
Magic:  3/6        EV: 12    Int: 15    God:
Gold:   7          SH:  0    Dex: 14    Spells: 4/5 levels left

rFire   . . .        d - +0 hand axe
rCold   . . .        (no shield)
rNeg    . . .        a - +0 robe
rPois   .            (helmet restricted)
rElec   .            (no cloak)
rCorr   .            (no gloves)
SInv    .            (boots unavailable)
Will    .....        (no amulet)
Stlth   ++           (no ring)
HPRegen 0.22/turn    (no ring)
MPRegen 0.10/turn

%: acrobat
@: no status effects
A: beak, talons 3, acrobatic
a: no special abilities


You were on level 2 of the Dungeon.
You visited 1 branch of the dungeon, and saw 2 of its levels.

You collected 7 gold pieces.

Inventory:

Hand Weapons
 d - a +0 hand axe (weapon)
Armour
 a - a +0 robe (worn)
Potions
 b - a potion of magic


   Skills:
 - Level 2.1 Dodging
 - Level 2.0 Stealth
 * Level 2.3 Spellcasting
 + Level 1.8 Conjurations
 + Level 4.2 Air Magic


You had 4 spell levels left.
You knew the following spells:

 Your Spells              Type           Power      Damage    Failure   Level
a - Shock                 Conj/Air       40%        1d5       6%          1

Your spell library contained the following spells:

 Spells                   Type           Power      Damage    Failure   Level
 Static Discharge         Conj/Air       20%        3-4/arc   10%         2
 Swiftness                Air            14%        N/A       12%         3
 Airstrike                Air            7%         2d(1-17)  36%         4


Dungeon Overview and Level Annotations

Branches:
Dungeon (2/15) Zot: 11851

Altars:

Annotations:
D:2 Terence


Innate Abilities, Weirdness & Mutations

You have a beak for a mouth.
You have claws for feet.
You can magically evade attacks while moving or waiting.


Message History

r - Retreat! s - Stop attacking. g - Guard the area. f - Follow me.
Anything else - Cancel.
You shout for attention!
The kobold hits you with the +11 spear of Neleps {freeze, rPois rF+ Will+ Dex-3}!
Ouch! That really hurt!
* * * LOW HITPOINT WARNING * * *
The kobold freezes you.
* * * LOW HITPOINT WARNING * * *
Terence the Incautious comes into view.
He is wielding a +0 hand axe and wearing a +1 scale mail of fire resistance.
Okay, then.
Aiming: Shock (safe; 6% risk of failure)
Press: ? - help, Q - select action Shift-Dir - straight line, f - Terence
Aim: Terence, wielding a +0 hand axe and wearing a +1 scale mail of fire resistance (72% to hit)
The zap hits the kobold.
You kill the kobold!
The zap hits Terence but does no damage.
The zap hits Terence.
Okay, then.
Okay, then.
As you read the scroll labelled MUSAUN KEASILA, it crumbles to dust.
You feel a surge of unholy energy.
Terence convulses!
It was a scroll of torment.
Terence hits you with a +0 hand axe.
* * * LOW HITPOINT WARNING * * *
Terence attacks as he pursues you! Terence completely misses you.
Terence attacks as he pursues you! Terence completely misses you.
Okay, then.
Aiming: Shock (safe; 6% risk of failure)
Press: ? - help, Q - select action Shift-Dir - straight line, p - Terence The zap hits Terence but does no damage.
The zap hits Terence.
Terence hits you with a +0 hand axe.
* * * LOW HITPOINT WARNING * * *
Aiming: Shock (safe; 6% risk of failure)
Press: ? - help, Q - select action Shift-Dir - straight line The zap misses Terence.
The zap hits Terence but does no damage.
Terence hits you with a +0 hand axe.
You die...
Terence says, "Rest in peace."

#.# #.#
#################.########
#.........................
.###.<.#########.######.#
#.#.#...).# #.# #.#
#.#.#.###.# #.# #.#
#.#.#@# # #.# #.# #.#†#@#
#.# #.# ..#.#.# ..# #.#
###.#.# ### #.# ..#.# #.#
###.# #.#
#.##############.#
#.........)......#
################.# #.#


You could see Terence.

Vanquished Creatures
  A dart slug (D:1)
  A hobgoblin (D:1)
  2 bats (D:2)
  2 kobolds
6 creatures vanquished.

Notes
Turn   | Place    | Note
-------+----------+-------------------------------------------
     0 | D:1      | iamserjio the Tengu Air Elementalist began the quest for
                  | the Orb.
     0 | D:1      | Reached XP level 1. HP: 10/10 MP: 4/4
    85 | D:2      | Reached XP level 2. HP: 15/15 MP: 0/6
   128 | D:2      | Identified the +11 spear of Neleps {freeze, rPois rF+ Will+
                  | Dex-3}
   140 | D:2      | Noticed Terence
   148 | D:2      | Slain by Terence

Illustrated notes

Levels and vault maps discovered:
D:1:      saegor_arrival_simple_c, layout_rooms,
          dreamdust_ecumenical_altar_grove, lexackson_kobold_supper
D:2:      layout_basic, uniq_terence, uniq_sigmund

Action                     || total
---------------------------++-------
  Melee: Hand axe          ||     1
         Kick              ||     1
   Cast: Shock             ||    10
    Use: Scroll            ||     1
 Armour: Robe              ||     5
  Dodge: Dodged            ||     3

Table legend: (Time is in decaauts)
 A = Elapsed time spent in this place.
 B = Non-inter-level travel time spent in this place.
 C = Inter-level travel time spent in this place.
 D = Time resting spent in this place.
 E = Time spent auto-exploring this place.
 F = Levels seen in this place.
 G = Mean time per level.
                   A        B        C        D        E       F      G
               +--------+--------+--------+--------+--------+-----+--------+
         Total |    147 |    147 |      0 |      0 |     39 |   2 |   73.5 |
       Dungeon |    147 |    147 |      0 |      0 |     39 |   2 |   73.5 |
               +--------+--------+--------+--------+--------+-----+--------+

Top non-repeatable levels by time:
     D:1: 80 daAuts
     D:2: 67 daAuts
